Map: Ley Lines

Players

Mattns - Winner!

  • Race: Protoss Protoss
  • League: Gold
  • Spawn Location: 1:00

Sindyr

  • Race: Terran Terran
  • League: Master
  • Spawn Location: 7:00

VOD

Have the link to the VOD?

Description

Time

  • Played on: Sept. 17, 2025, 6:01 a.m.
  • Length: 9:52
Show
View Real Time Build Order
Export as new Build Order

Mattns Protoss - Winner!

Build Orders:  

Get SALT Encoding   

  12  0:00  Probe  
  13  0:12  Probe  
  14  0:24  Probe  
  15  0:34  Pylon  
  15  0:52  Probe  
  15  0:53  Gateway  
  16  1:00  Forge  
  16  1:04  Probe  
  17  1:12  Pylon  
  17  1:13  Assimilator  
  17  1:34  Probe  
  18  1:46  Probe  
  19  1:47  Cybernetics Core  
  19  1:56  Probe  
  19  1:57  Gateway  
  19  2:00  Photon Cannon  
  20  2:03  Assimilator  
  20  2:04  Probe  
  20  2:12  Probe  
  21  2:20  Stalker  
  21  2:22  Gateway  
  24  2:49  Stalker  
  24  2:50  Twilight Council  
  26  3:03  Stalker  
  26  3:08  Stalker  
  30  3:26  Pylon, Warp Gate  
  30  3:34  Pylon  
  30  3:37  Pylon  
  30  3:41  Stalker  
  32  3:52  Shield Battery  
  32  3:54  Shield Battery  
  32  3:58  Sentry  
  32  3:59  Stalker  
  36  4:12  Stalker  
  38  4:25  Charge  
  38  4:37  Stalker  
  38  4:40  Stalker  
  42  4:50  Stalker  
  44  5:15  Photon Cannon  
  44  5:20  Pylon  
  44  5:25  Robotics Facility  
  44  5:43  Photon Cannon  
  44  5:54  Pylon, Sentry x2  
  48  5:58  Pylon  
  48  5:59  Stalker  
  50  6:14  Observer  
  51  6:23  Nexus  
  51  6:42  Observer  
  51  6:45  Probe  
  53  6:57  Probe  
  53  7:00  Zealot x2, Observer  
  59  7:02  Zealot  
  61  7:09  Probe  
  62  7:21  Probe  
  62  7:32  Stalker x3, Probe  
  62  7:33  Probe  
  70  7:40  Probe  
  70  7:50  Probe  
  71  7:52  Observer  
  71  7:55  Photon Cannon  
  72  8:00  Photon Cannon  
  56  8:54  Probe  
  57  8:59  Stalker x2  
  57  9:00  Stalker  
  63  9:04  Assimilator  
  63  9:06  Probe  
  63  9:07  Observer  
  63  9:08  Assimilator  
  62  9:16  Photon Cannon  
  61  9:18  Probe  
  62  9:30  Probe  
  49  9:47  Stalker x3  
Show
View Real Time Build Order
Export as new Build Order

Sindyr Terran 

Build Orders: Reaper Expand 

Get SALT Encoding   

  12  0:01  SCV  
  13  0:13  SCV  
  14  0:18  Supply Depot  
  14  0:25  SCV  
  15  0:39  SCV  
  16  0:44  Barracks  
  16  0:49  Refinery  
  16  0:51  SCV  
  17  1:04  SCV  
  18  1:16  SCV  
  18  1:33  Orbital Command  
  18  1:35  Reaper  
  19  1:44  Command Center  
  19  1:58  Supply Depot  
  19  2:03  SCV  
  19  2:07  Marine  
  21  2:15  Factory  
  21  2:27  Barracks Reactor  
  21  2:31  Bunker  
  21  2:41  SCV  
  22  2:44  Refinery  
  22  2:53  SCV  
  23  3:02  Orbital Command  
  22  3:05  SCV  
  23  3:17  SCV  
  24  3:20  Barracks Reactor  
  24  3:29  Starport  
  24  3:30  SCV  
  24  3:33  Widow Mine x2  
  29  3:42  SCV x2  
  31  3:53  Engineering Bay  
  31  3:54  SCV  
  31  3:55  SCV  
  33  4:03  Widow Mine x2  
  33  4:06  SCV  
  33  4:07  SCV, Barracks Tech Lab  
  39  4:18  SCV  
  39  4:19  SCV  
  41  4:26  Missile Turret x2  
  41  4:29  Missile Turret  
  41  4:30  SCV  
  41  4:31  SCV  
  43  4:32  Missile Turret  
  43  4:36  Missile Turret  
  43  4:39  Supply Depot  
  43  4:40  Missile Turret  
  43  4:42  SCV  
  43  4:43  Supply Depot, SCV  
  45  4:54  SCV  
  45  4:56  Refinery  
  46  5:01  SCV, Widow Mine x2  
  46  5:06  SCV  
  52  5:09  Medivac x2  
  52  5:12  Stimpack  
  52  5:13  SCV  
  57  5:18  SCV  
  58  5:25  SCV  
  59  5:29  Command Center  
  59  5:31  SCV  
  59  5:34  Terran Infantry Weapons Level 1  
  60  5:37  Refinery, SCV  
  60  5:41  Armory  
  61  5:43  SCV  
  62  5:52  Factory  
  62  6:00  Supply Depot  
  62  6:01  Supply Depot  
  62  6:04  Supply Depot  
  62  6:21  Medivac x2, SCV x2, Widow Mine  
  62  6:23  Widow Mine  
  72  6:31  Missile Turret  
  72  6:33  SCV x2  
  72  6:36  Missile Turret  
  72  6:37  Factory Tech Lab, Missile Turret  
  74  6:45  SCV x2  
  74  6:46  Terran Vehicle Weapons Level 1  
  76  6:57  SCV  
  77  7:13  SCV x2  
  77  7:14  Command Center  
  77  7:15  Orbital Command  
  79  7:25  SCV x2  
  79  7:29  Terran Infantry Armor Level 1  
  81  7:32  Armory  
  81  7:37  SCV x2  
  81  7:41  Factory  
  83  7:44  Factory  
  83  7:49  Factory, SCV x2  
  83  7:50  SCV  
  86  8:01  SCV, Thor  
  86  8:02  SCV x2  
  95  8:13  SCV  
  95  8:14  SCV x2  
  95  8:17  Marine  
  99  8:26  Widow Mine x2  
  103  8:34  Marine  
  99  8:45  Widow Mine  
  99  8:47  Factory Tech Lab  
  89  8:52  Marine  
  81  8:58  Liberator x2  
  84  9:10  Marine  
  84  9:12  Factory Tech Lab x2  
  86  9:28  Marine  
Tags
 
Matchup
PvT
Replay Pack
Multiplayer
Spawn Locations
Cross Positions
Add a new tag
Caveats
  • Supply blocks, unpowered buildings, or Contaminate may cause inaccurate times.
  • Supply counts are checked every 10 seconds.